 Dungeon Crawl Stone Soup version 0.32-a0-120-gfac0567ad4 (webtiles) character file.

Game seed: 14193066653599115162

2 zeratav the Trooper (level 1, -3/22 HPs)
             Began as an Oni Warper on Feb 6, 2024.
             Succumbed to a kobold's poison
             ... on level 2 of the Dungeon.
             The game lasted 00:00:35 (60 turns).

zeratav the Trooper (Oni Warper)                      Turns: 60, Time: 00:00:35

Health: -3/22      AC:  3    Str: 14    XL:     1   Next: 30%
Magic:  3/3        EV:  9    Int: 14    God:
Gold:   0          SH:  0    Dex:  8    Spells: 4/4 levels left

rFire   . . .        a - +0 mace {mace}
rCold   . . .        (no shield)
rNeg    . . .        b - +0 robe
rPois   .            (helmet restricted)
rElec   .            (no cloak)
rCorr   .            (gloves unavailable)
SInv    .            (boots unavailable)
Will    .....        (no amulet)
Stlth   +            (no ring)
HPRegen 0.23/turn    (no ring)
MPRegen 0.08/turn

%: no passive effects
@: lethally poisoned (-3 -> -22)
A: large, unfitting armour, horns 1, tough skin 1, double potion healing,
drunken brawling
a: no special abilities


You were on level 2 of the Dungeon.
You visited 1 branch of the dungeon, and saw 2 of its levels.


Innate Abilities, Weirdness & Mutations

You are too large for most types of armour.
You have a pair of small horns on your head.
You have tough skin. (AC +1)
You gain doubled healing and magic from potions.
Whenever you drink a healing potion, you attack all around you.


   Skills:
 + Level 2.8 Fighting
 + Level 2.1 Maces & Flails
 - Level 1.0 Throwing
 - Level 2.1 Dodging
 - Level 2.4 Spellcasting
 - Level 2.6 Translocations


You had 4 spell levels left.
You didn't know any spells.
Your spell library contained the following spells:

 Spells                   Type           Power      Damage    Failure   Level
 Blink                    Tloc           18%        N/A       12%         2
 Lesser Beckoning         Tloc           18%        N/A       12%         2
 Teleport Other           Tloc           9%         N/A       22%         3
 Manifold Assault         Tloc           9%         N/A       58%         4
 Vhi's Electric Charge    Tloc/Air       10%        N/A       78%         4

Inventory:

Hand Weapons
 a - a +0 mace (weapon) {mace}
Missiles
 d - 7 darts of dispersal (quivered) {=fthrowing}
Armour
 b - a +0 robe (worn)
Scrolls
 c - a scroll of blinking {!r}

Dungeon Overview and Level Annotations

Branches:
Dungeon (2/15) Zot: 11936

Altars:

#. #.#####
#.....##
###......
#.......
.......#####...
#.## #.......$.#
#....##...####
###.Sr@#....##
#....K..##...##
......##.###...#
......
#...##.... .....
###.##.##. #|.##
#..#.##.###. ...
##....>..... ##
####.......
...#...


You could see an adder, a quokka and a kobold.


Message History

🤖 Initializing magus.rc ...
Bad channel name 'pray' for runrest: 'pray:' Options error: Missing colour in message_colour setting: 'that.*feels deathly cold' Options error: Missing colour in message_colour setting: 'and you must be Full or above to equip it' Options error: Missing colour in message_colour setting: 'but rights himself reflexively soon after' Options error: Missing colour in message_colour setting: 'before it is too late' ✅ Successfully initialized magus.rc [v1.9.6] Welcome, zeratav the Oni Warper.
The heart of this dungeon contains the breathtaking artefact, the Orb of Zot.
Press ? for a list of commands and other information.
Found a staircase leading out of the dungeon.
A giant cockroach comes into view.
A giant cockroach is nearby!
The giant cockroach barely misses you.
The giant cockroach bites you but does no damage.
You hit the giant cockroach. The giant cockroach closely misses you.
You hit the giant cockroach but do no damage.
Your headbutt misses the giant cockroach.
The giant cockroach bites you but does no damage.
The giant cockroach bites you.
HP[-1]
You take 1 damage, and now have 21/22 hp.
You hit the giant cockroach. The giant cockroach misses you.
You hit the giant cockroach.
You kill the giant cockroach!
No target in view!
No target in view!
You see here a giant cockroach corpse.
e - a scroll labelled DIPPILATEIC HP[+1]
Your hp is fully restored (22).
A malevolent force fills the Dungeon...
You fall into a shaft and drop 1 floor!
The shaft crumbles and collapses.
Found a stone staircase leading down.
A frilled lizard comes into view.
The frilled lizard hisses angrily.
The frilled lizard moves out of view.
A frilled lizard is nearby!
You hit the frilled lizard but do no damage.
The frilled lizard bites you but does no damage.
You miss the frilled lizard.
The frilled lizard bites you but does no damage.
You hit the frilled lizard. Your punch misses the frilled lizard.
The frilled lizard bites you but does no damage.
You closely miss the frilled lizard. The frilled lizard bites you. x2
HP[-4]
You take 4 damage, and now have 18/22 hp.
You hit the frilled lizard.
You kill the frilled lizard!
No target in view!
A kobold comes into view. It is wielding a +0 dagger of venom.
The kobold shouts!
HP[+4]
Your hp is fully restored (22).
A quokka comes into view.
An adder comes into view.
The kobold hits you but does no damage.
You are poisoned.
The adder hisses angrily.
You hit the kobold. Your headbutt misses the kobold.
You feel very sick. The kobold closely misses you.
HP[-4]
You take 4 damage, and now have 18/22 hp.
You closely miss the kobold.
You feel sick. The kobold closely misses you.
The kobold hits you but does no damage.
You are more poisoned.
HP[-2]
You take 2 damage, and now have 16/22 hp.
You aren't carrying any potions.
Annotate which branch? (. - D:2, ? - help, ! - show branch list)
Okay, then.
As you read the scroll labelled DIPPILATEIC, it crumbles to dust.
It is a scroll of identify.
You don't currently have any unidentified items.
You feel very sick. The kobold hits you but does no damage.
You are lethally poisoned!
HP[-3]
You take 3 damage, and now have 13/22 hp.
Unknown command.
* * * LOW HITPOINT WARNING * * *
You feel very sick.
The kobold hits you with a +0 dagger of venom.
* * * LOW HITPOINT WARNING * * *
You are more poisoned.
HP[-6]
You take 6 damage, and now have 7/22 hp.
MASSIVE DAMAGE!! (PAUSE) Unknown command.
* * * LOW HITPOINT WARNING * * *
You feel very sick. The quokka closely misses you.
The kobold barely misses you.
The quokka bites you but does no damage.
HP[-5]
You take 5 damage, and now have 2/22 hp.
MASSIVE DAMAGE!! (PAUSE)
You die...

Action                     || total
---------------------------++-------
  Melee: Mace              ||    11
    Use: Scroll            ||     1
 Armour: Robe              ||    13
  Dodge: Dodged            ||     7

Levels and vault maps discovered:
D:1:      scummos_arrival_checkerplants, layout_rooms
D:2:      minmay_chambers_of_ones, layout_rooms,
          hellmonk_ecumenical_altar_watching_god

Notes
Turn   | Place    | Note
-------+----------+-------------------------------------------
     0 | D:1      | zeratav the Oni Warper began the quest for the Orb.
     0 | D:1      | Reached XP level 1. HP: 22/22 MP: 3/3
     0 | D:1      | magus.rc [v1.9.6]
    21 | D:1      | You fall into a shaft and drop 1 floor!
    59 | D:2      | HP: 2/22 [poisoned by a kobold]
    60 | D:2      | Succumbed to a kobold's poison

Vanquished Creatures
  A giant cockroach (D:1)
  A frilled lizard (D:2)
2 creatures vanquished.

Table legend:
 A = Non-vault XP
 B = Vault XP
 C = Vault XP percentage of total XP
 D = Non-vault monster count
 E = Vault monster count
 F = Vault count percentage of total count
                 A         B        C        D         E       F
            +---------+---------+-------+---------+---------+-------
      Total |       3 |       0 |   0.0 |       2 |       0 |   0.0
            +---------+---------+-------+---------+---------+-------
        D:1 |       2 |       0 |   0.0 |       1 |       0 |   0.0
        D:2 |       1 |       0 |   0.0 |       1 |       0 |   0.0
            +---------+---------+-------+---------+---------+-------

Action                     || total
---------------------------++-------
  Melee: Mace              ||    11
    Use: Scroll            ||     1
 Armour: Robe              ||    13
  Dodge: Dodged            ||     7

Illustrated notes

Table legend:
 A = Kills in this place as a percentage of kills in the entire game.
 B = Kills by you in this place as a percentage of kills by you in the entire game.
 C = Kills by friends in this place as a percentage of kills by friends in the entire game.
 D = Other kills in this place as a percentage of other kills in the entire game.
 E = Experience gained in this place as a percentage of experience gained in the entire game.
 F = Experience gained in this place divided by the number of levels of this place that you have seen.
                   A       B       C       D       E      F
               +-------+-------+-------+-------+-------+----------------------
         Total | 100.0 | 100.0 |   N/A |   N/A | 100.0 |   1.5
       Dungeon | 100.0 | 100.0 |   N/A |   N/A | 100.0 |   1.5
               +-------+-------+-------+-------+-------+----------------------

Table legend: (Time is in decaauts)
 A = Elapsed time spent in this place.
 B = Non-inter-level travel time spent in this place.
 C = Inter-level travel time spent in this place.
 D = Time resting spent in this place.
 E = Time spent auto-exploring this place.
 F = Levels seen in this place.
 G = Mean time per level.
                   A        B        C        D        E       F      G
               +--------+--------+--------+--------+--------+-----+--------+
         Total |     63 |     63 |      0 |      0 |     35 |   2 |   31.5 |
       Dungeon |     63 |     63 |      0 |      0 |     35 |   2 |   31.5 |
               +--------+--------+--------+--------+--------+-----+--------+

Top non-repeatable levels by time:
     D:2: 40 daAuts
     D:1: 22 daAuts
